 Dungeon Crawl Stone Soup version 0.30.0 (webtiles) character file.

Game seed: 1232288706857708713

118 Giibl3ts the Grasshopper (level 4, -20/23 HPs)
             Began as a Spriggan Warper on Oct 15, 2023.
             Demolished by an ogre
             ... wielding a +0 giant spiked club
              (31 damage)
             ... on level 4 of the Dungeon.
             The game lasted 00:31:57 (4338 turns).

Giibl3ts the Grasshopper (Spriggan Warper)          Turns: 4338, Time: 00:31:58

Health: -20/23     AC:  2    Str:  7    XL:     4   Next: 72%
Magic:  10/10      EV: 18    Int: 14    God:
Gold:   139        SH:  0    Dex: 16    Spells: 2/10 levels left

rFire   . . .        i - +0 dagger (speed)
rCold   . . .        (no shield)
rNeg    . . .        b - +0 robe
rPois   .            (helmet restricted)
rElec   .            (no cloak)
rCorr   .            (gloves unavailable)
SInv    +            (boots unavailable)
Will    .....        (no amulet)
Stlth   ++           (no ring)
HPRegen 0.23/turn    (no ring)
MPRegen 0.12/turn

%: no passive effects
@: very quick
A: very small, no large weapons, unfitting armour, see invisible, speed 3
a: no special abilities


You were on level 4 of the Dungeon.
You visited 1 branch of the dungeon, and saw 4 of its levels.

You collected 139 gold pieces.

Inventory:

Hand Weapons
 a - a +0 short sword
 f - a +0 dagger
 g - a +0 hammer
 i - a +0 dagger of speed (weapon)
Missiles
 d - 7 boomerangs of dispersal (quivered)
 k - 3 poisoned darts
Armour
 b - a +0 robe (worn)
 h - a +0 robe
Scrolls
 c - a scroll of blinking
 e - 3 scrolls of identify
 j - 2 scrolls of fog
 m - a scroll of enchant armour {unknown}
 o - a scroll of teleportation {unknown}
Potions
 l - a potion of magic {unknown}
 n - 2 potions of mutation {unknown}


   Skills:
 + Level 1.9 Fighting
 + Level 3.3 Short Blades
 - Level 1.0 Throwing
 + Level 4.0 Dodging
 + Level 2.5 Stealth
 + Level 3.5 Spellcasting
 + Level 5.0 Translocations
 + Level 0.1 Air Magic


You had 2 spell levels left.
You knew the following spells:

 Your Spells              Type           Power      Damage    Failure   Level
a - Blink                 Tloc           32%        N/A       3%          2
b - Teleport Other        Tloc           16%        N/A       8%          3
c - Vhi's Electric Charg  Tloc/Air       18%        N/A       22%         3

Your spell library contained the following spells:

 Spells                   Type           Power      Damage    Failure   Level
 Lesser Beckoning         Tloc           32%        N/A       3%          2
 Necrotise                Necr           8%         1d4       21%         1
 Sandblast                Erth           4%         2d4       21%         1
 Slow                     Hex            8%         N/A       21%         1
 Passwall                 Tmut/Erth      1%         N/A       30%         2
 Gell's Gravitas          Tloc           16%        N/A       8%          3
 Manifold Assault         Tloc           16%        N/A       26%         4
 Confusing Touch          Hex            2%         N/A       52%         3
 Stone Arrow              Conj/Erth      4%         3d7       52%         3
 Vampiric Draining        Necr           2%         2d6       52%         3
 Dispersal                Tloc           8%         N/A       98%         6
 Agony                    Necr           2%         N/A       99%         5


Dungeon Overview and Level Annotations

Branches:
Dungeon (4/15)
 Temple: D:4-7

Altars:
Trog

Annotations:
D:2 Crazy Yiuf


Innate Abilities, Weirdness & Mutations

You are very small and have problems with some larger weapons.
You are too small for most types of armour.
You have supernaturally acute eyesight. (SInv)
You cover ground extremely quickly. (Speed+++)


Message History

Confirm with . or Enter, or press ? or * to list all spells.
You can't charge at the dart slug because that's out of range!
You see here a scroll labelled ZIVITO LOBLIA.
You strike the helpless dart slug from behind!
You puncture the dart slug!
You kill the dart slug!
You see here a dart slug corpse.
You now have 139 gold pieces (gained 21).
o - a scroll labelled ZIVITO LOBLIA
e - 3 scrolls of identify (gained 1)
You open the door.
There is an open door here.
Found a stone staircase leading down.
An ogre comes into view. It is wielding a +0 giant spiked club.
The helpless ogre fails to defend itself.
You impale the ogre!!
The ogre is severely wounded.
The ogre barely misses you.
You barely miss the ogre.
The ogre is severely wounded.
You hit the ogre.
The ogre is severely wounded.
You hit the ogre.
The ogre is almost dead.
The ogre hits you with a +0 giant spiked club!
Ouch! That really hurt!
You hit the ogre but do no damage.
The ogre is almost dead.
You hit the ogre but do no damage.
The ogre is almost dead.
The ogre completely misses you.
You hit the ogre but do no damage.
The ogre is almost dead.
You hit the ogre.
The ogre is almost dead.
You hit the ogre but do no damage.
The ogre is almost dead.
The ogre hits you with a +0 giant spiked club!!
Ouch! That really hurt!
You die...

#.#
#.#.#....
#.#
#.#.#....
#.#
#.#.#....
#.#
..#.####.
#.# .##.#
#. #.# >.
... +. #.#
## ### #.
#.########
#####.
#.@O......
......
##########
######


You could see an ogre.

Vanquished Creatures
  6 adders
  2 dart slugs
  5 bats
  6 endoplasms
  3 giant cockroaches
  7 goblins
  2 hobgoblins (D:4)
  2 jackals (D:1)
  3 quokkas
  9 ball pythons
  6 frilled lizards
  2 kobolds (D:1)
  8 rats
61 creatures vanquished.

Notes
Turn   | Place    | Note
-------+----------+-------------------------------------------
     0 | D:1      | Giibl3ts the Spriggan Warper began the quest for the Orb.
     0 | D:1      | Reached XP level 1. HP: 10/10 MP: 5/5
   124 | D:1      | Reached skill level 1 in Stealth
   285 | D:1      | Reached XP level 2. HP: 13/14 MP: 7/7
   731 | D:1      | Found a faded altar of an unknown god.
   933 | D:1      | Learned a level 2 spell: Blink
  1611 | D:2      | Reached XP level 3. HP: 7/18 MP: 8/8
  1757 | D:2      | Learned a level 3 spell: Teleport Other
  1761 | D:2      | Learned a level 3 spell: Vhi's Electric Charge
  2429 | D:2      | Reached XP level 4. HP: 23/23 MP: 10/10
  2499 | D:2      | Reached skill level 5 in Translocations
  2628 | D:2      | Found a runed translucent door.
  2629 | D:2      | Noticed Crazy Yiuf
  3124 | D:3      | Noticed an ogre
  3309 | D:3      | Found a bloodstained altar of Trog.
  3463 | D:3      | Noticed a black bear
  4328 | D:4      | Noticed an ogre
  4338 | D:4      | Demolished by an ogre

Illustrated notes

Levels and vault maps discovered:
D:1:      minmay_arrival_stair_chambers, layout_loops_ring,
          hellmonk_ecumenical_altar_zigzags
D:2:      layout_basic, serial_curves, eino_curves_02, eino_curves_02,
          minmay_shallow_snake_nest, uniq_crazy_yiuf_cottage
D:3:      layout_loops_ring, trog_three_pillars_becter, st_stairs_14,
          feat_on_display
D:4:      layout_basic, tso_altar, lemuel_mausoleum_altar_yredelemnul,
          gammafunk_ghost_grave, uniq_natasha

Skill      XL: |  1  2  3  4 |
---------------+-------------+-----
Stealth        | 1 2 |  2.5
Spellcasting   | 3 |  3.5
Short Blades   | 3 |  3.3
Translocations | 5 |  5.0
Dodging        | 4 |  4.0
Fighting       | |  1.9
Throwing       | |  1.0
Air Magic      | |  0.1

Action                     |  1- 3 |  4- 6 || total
---------------------------+-------+-------++-------
  Melee: Short sword       |    91 |       ||    91
         Dagger            |   113 |   157 ||   270
         Punch             |     2 |     1 ||     3
   Cast: Blink             |     3 |       ||     3
         Vhi's Electric Ch |     4 |       ||     4
         Teleport Other    |     1 |     1 ||     2
    Use: Scroll            |       |     6 ||     6
         Potion            |       |     2 ||     2
   Stab: Sleeping          |     5 |     6 ||    11
         Distracted        |       |     1 ||     1
 Armour: Robe              |    14 |     8 ||    22
  Dodge: Dodged            |   121 |    96 ||   217
